 Dungeon Crawl Stone Soup version 0.24-a0-515-gbe7f5e2e8d (webtiles) character file.

Game seed: 11720131312164207947

212 Essalna the Caller (level 5, 0/41 HPs)
             Began as a Mummy Summoner on July 21, 2019.
             Slain by an orc wizard
             ... wielding a +0 dagger
              (3 damage)
             ... on level 3 of the Dungeon.
             The game lasted 00:11:09 (3997 turns).

Essalna the Caller (Mummy Summoner)                 Turns: 3997, Time: 00:11:10

Health: 0/41       AC:  5    Str: 11    XL:     5   Next: 58%
Magic:  8/9        EV: 12    Int: 19    God:
Gold:   147        SH:  0    Dex: 13    Spells: 1/9 levels left

rFire    x . .     SeeInvis .   h - +0 spear
rCold    + . .     Gourm    .   (no shield)
rNeg     + + +     Faith    .   a - +0 robe
rPois    ∞         Spirit   .   l - +0 helmet
rElec    .         Reflect  .   i - +0 cloak
rCorr    .         Harm     .   g - +0 pair of gloves
MR       .....     Rnd*Tele +   (no boots)
Stlth    ++........             (no amulet)
HPRegen  0.13/turn              m - +4 ring of intelligence
MPRegen  0.11/turn              f - ring of teleportation (curse)

@: no status effects
A: no food or potions, fire vulnerability, cold resistance 1, negative energy
resistance 3, torment resistance, unbreathing
a: no special abilities


You were on level 3 of the Dungeon.
You were not hungry.

You visited 1 branch of the dungeon, and saw 4 of its levels.

You collected 147 gold pieces.

Inventory:

Hand Weapons
 d - a +0 whip
 h - a +0 spear (weapon)
Armour
 a - a +0 robe (worn)
 g - a +0 pair of gloves (worn)
 i - a +0 cloak (worn)
 l - a +0 helmet (worn)
Jewellery
 e - an uncursed ring of fire
 f - a cursed ring of teleportation (right hand)
 m - a +4 ring of intelligence (left hand)
Wands
 n - a wand of digging (5)
Scrolls
 j - a scroll of identify
 k - 3 scrolls of remove curse
 o - a scroll of random uselessness {unknown}
 p - a scroll of blinking {unknown}


   Skills:
 + Level 3.4 Fighting
 - Level 1.5 Dodging
 - Level 1.5 Stealth
 - Level 2.6 Spellcasting
 + Level 4.4 Summonings
 + Level 1.4 Air Magic


You had one spell level left.
You knew the following spells:

 Your Spells              Type           Power        Failure   Level  Hunger
a - Summon Small Mammal   Summ           ###.         2%          1    N/A
b - Call Canine Familiar  Summ           ###.....     8%          3    N/A
c - Summon Lightning Spi  Summ/Air       ##......     43%         4    N/A

Your spell library contained the following spells:

 Spells                   Type           Power        Failure   Level  Hunger
 Call Imp                 Summ           ###.....     3%          2    N/A
 Summon Guardian Golem    Hex/Summ       ##......     19%         3    N/A
 Summon Ice Beast         Ice/Summ       ##......     54%         4    N/A

Dungeon Overview and Level Annotations

Branches:
Dungeon (4/15)
 Temple: D:4-7

Altars:

Annotations:
D:4 Dowan, Duvessa, Natasha


Innate Abilities, Weirdness & Mutations

You do not eat or drink.
Your flesh is vulnerable to fire.
You are immune to poison.
Your flesh is cold resistant. (rC+)
You are immune to negative energy. (rN+++)
You are immune to unholy pain and torment.
You can survive without breathing.


Message History

You start resting.
You hear some strange, mumbled words.
A puff of frost appears from out of thin air!
Deactivating autopickup; reactivate with Ctrl-A.
The puff of frost hits you. You resist. Something hits you.
* * * LOW HITPOINT WARNING * * *
You start resting.
Something hits you.
* * * LOW HITPOINT WARNING * * *
As you read the scroll labeled EMEAWE JELUS, it crumbles to dust.
The creatures around you are filled with an inner flame!
It was a scroll of immolation.
Something hits you but does no damage. x2
As you read the scroll labeled QIONIABRUF, it crumbles to dust.
You feel momentarily disoriented.
It was a scroll of magic mapping.
Something hits you.
* * * LOW HITPOINT WARNING * * *
As you read the scroll labeled GUEKLU JIEROL, it crumbles to dust.
It is a scroll of identify.
k - 3 scrolls of remove curse Something hits you but does no damage.
Something hits you.
You die...

.##...#..# #).# #...##.#
.........####..####...##.#
###.........#.........##.#
####..............#.#.##.#
.........................#
...............8.8..#.##.#
####..#..##...........##.###
#...........8.....8..##...#
#.......##.....@.....##.###
##..........#.......#.##.#
........###.##.....##.##.#
.###..#.# #..########.##.#
.###....###..####.#.#.##.#
...<.####...........#.##.#
####.####.#..##.#........#
## #.....................#
.###.##...............##.#


There were no monsters in sight!

Vanquished Creatures
  A scorpion (D:4)
  An orc priest (D:4)
  An iguana (D:3)
  A hound skeleton (D:4)
  An ooze (D:1)
  A worm (D:4)
  A leopard gecko (D:1)
  A ball python (D:3)
  4 bats
  2 giant cockroaches
  3 hobgoblins
  7 jackals
  A quokka (D:3)
  4 frilled lizards
  3 kobolds
  6 rats
38 creatures vanquished.

Vanquished Creatures (collateral kills)
  Jessica (D:3)
  2 worker ants (D:4)
  A gnoll (D:1)
  An adder (D:3)
  An ooze (D:2)
  2 worms
  A leopard gecko (D:4)
  2 orcs (D:4)
  3 giant cockroaches
  4 goblins
  A hobgoblin (D:1)
  11 jackals
  2 quokkas (D:3)
  3 bats
  A frilled lizard (D:2)
  5 rats
41 creatures vanquished.

Grand Total: 79 creatures vanquished

Notes
Turn   | Place    | Note
-------+----------+-------------------------------------------
     0 | D:1      | Essalna the Mummy Summoner began the quest for the Orb.
     0 | D:1      | Reached XP level 1. HP: 13/13 MP: 4/4
   476 | D:1      | Reached skill level 1 in Fighting
   490 | D:1      | Reached XP level 2. HP: 19/21 MP: 1/5
  1488 | D:1      | Reached XP level 3. HP: 27/27 MP: 4/7
  2148 | D:2      | Learned a level 3 spell: Call Canine Familiar
  2499 | D:3      | Found a faded altar of an unknown god.
  2534 | D:3      | Noticed Jessica
  2544 | D:3      | Killed Jessica
  2544 | D:3      | Reached skill level 4 in Summonings
  2544 | D:3      | Reached XP level 4. HP: 34/34 MP: 5/8
  2667 | D:3      | Learned a level 4 spell: Summon Lightning Spire
  3125 | D:4      | Noticed Dowan
  3130 | D:4      | Noticed Duvessa
  3359 | D:4      | Reached skill level 1 in Air Magic
  3359 | D:4      | Reached XP level 5. HP: 10/41 MP: 5/9
  3424 | D:4      | Noticed Natasha
  3769 | D:4      | Noticed an ogre
  3997 | D:3      | Slain by an orc wizard

Levels and vault maps discovered:
D:1:      dpeg_arrival_renting, layout_loops_cross
D:2:      layout_loops_corners, first_ration
D:3:      layout_basic, chequers_ecumenical_altar_simple_redux,
          grunt_ministairs_9, uniq_jessica
D:4:      layout_cave_pools, kennysheep_little_box, uniq_duvessa, uniq_natasha,
          uniq_robin

Skill      XL: |  1  2  3  4 |
---------------+-------------+-----
Fighting       | 1 2 3 |  3.4
Summonings     | 4 |  4.4
Air Magic      | 1 |  1.4
Dodging        | |  1.5
Stealth        | |  1.5
Spellcasting   | |  2.6

Action                   |  1- 3 |  4- 6 || total
-------------------------+-------+-------++-------
Melee: Unarmed           |    22 |       ||    22
       Whip              |    21 |       ||    21
       Spear             |    95 |    93 ||   188
 Cast: Summon Small Mamm |    63 |     1 ||    64
       Call Canine Famil |     4 |    13 ||    17
  Use: Scroll            |       |     3 ||     3
 Stab: Sleeping          |     2 |     1 ||     3
Armor: Robe              |    42 |    28 ||    70
Dodge: Dodged            |    81 |    42 ||   123

Table legend:
 A = Non-vault XP
 B = Vault XP
 C = Vault XP percentage of total XP
 D = Non-vault monster count
 E = Vault monster count
 F = Vault count percentage of total count
                 A         B        C        D         E       F
            +---------+---------+-------+---------+---------+-------
      Total |     274 |      29 |   9.6 |      76 |       3 |   3.8
            +---------+---------+-------+---------+---------+-------
        D:1 |      48 |       0 |   0.0 |      29 |       0 |   0.0
        D:2 |      25 |       0 |   0.0 |      16 |       0 |   0.0
        D:3 |      61 |      29 |  32.2 |      18 |       3 |  14.3
        D:4 |     140 |       0 |   0.0 |      13 |       0 |   0.0
            +---------+---------+-------+---------+---------+-------
